 Dungeon Crawl Stone Soup version 0.19-a0-291-ga637243 (webtiles) character file.

112 epen the Insei (level 4, -1/33 HPs)
             Began as a Merfolk Transmuter on May 27, 2016.
             Slain by a killer bee (6 damage)
             ... on level 3 of the Dungeon.
             The game lasted 00:03:43 (2403 turns).

epen the Insei (Merfolk Transmuter)                 Turns: 2403, Time: 00:03:44

Health: -1/33      AC:  3    Str: 10    XL:     4   Next: 93%
Magic:  1/7        EV: 13    Int: 13    God:
Gold:   100        SH:  0    Dex: 14    Spells: 3 memorised, 1 level left

rFire  + . .     SeeInvis .       - Unarmed
rCold  x . .     Gourm    .     b - +0 robe
rNeg   . . .     Faith    .     (no shield)
rPois  .         Spirit   .     (no helmet)
rElec  .         Dismiss  .     (no cloak)
rCorr  .         Reflect  .     n - +0 pair of gloves
SustAt .         Harm     .     (no boots)
MR     .....                    (no amulet)
Stlth  +.........               (no ring)
                                q - ring of fire (curse)

@: lethally poisoned (-1 -> -16), not resistant to hostile enchantments, very
unstealthy
A: change form in water, swift swim
a: no special abilities


You were on level 3 of the Dungeon.
You were not hungry.

You visited 1 branch of the dungeon, and saw 3 of its levels.

You collected 100 gold pieces.

Inventory:

Missiles
 a - 20 arrows
Armour
 b - a +0 robe (worn)
 e - a +0 buckler
 n - a +0 pair of gloves (worn)
Jewellery
 q - a cursed ring of fire (left hand)
Scrolls
 g - 2 scrolls of remove curse {unknown}
 j - 4 scrolls of blinking {unknown}
 o - 4 scrolls of enchant armour {unknown}
 p - 6 scrolls of identify {unknown}
 s - a scroll of immolation {unknown}
 u - a scroll of teleportation {unknown}
 w - 2 scrolls of amnesia {unknown}
Potions
 h - a potion of heal wounds
 i - a potion of haste {unknown}
 k - a potion of degeneration {unknown}
 l - a potion of mutation {unknown}
 m - a potion of flight {unknown}
 t - a potion of curing {unknown}
 x - a potion of ambrosia {unknown}
Books
 c - a book of Changes

   Spells                             Type                      Level
   a - Beastly Appendage              Transmutation                1
   b - Sticks to Snakes               Transmutation                2
   c - Spider Form                    Transmutation/Poison         3
   d - Ice Form                       Ice/Transmutation            4
   e - Blade Hands                    Transmutation                5
Comestibles
 d - 4 bread rations
 f - 3 meat rations
 r - a slice of pizza


   Skills:
 + Level 2.2 Fighting
 + Level 3.6 Dodging
 * Level 4.3 Unarmed Combat
 + Level 2.1 Spellcasting
 * Level 4.0 Transmutations


You had one spell level left.
You knew the following spells:

 Your Spells              Type           Power        Failure   Level  Hunger
a - Beastly Appendage     Tmut           ##....       6%          1    ##.....
b - Sticks to Snakes      Tmut           ##......     10%         2    ###....
c - Spider Form           Tmut/Pois      #.........   34%         3    ####...


Dungeon Overview and Level Annotations

Branches:
Dungeon (3/15)

Altars:
Ashenzari
Cheibriados
Gozag
Hepliaklqana
Pakellas
Vehumet


Message History

Your adder barely misses the killer bee.
Your adder bites the killer bee.
The killer bee is poisoned.
Your adder poisons the killer bee!
The killer bee stings you but does no damage.
The killer bee misses your adder.
The killer bee closely misses your adder.
The killer bee stings you!
* * * LOW HITPOINT WARNING * * *
You are lethally poisoned!
The killer bee poisons you!
Your magical contamination has completely faded away.
Drink which item? (? for menu, Esc to quit)
It was a potion of heal wounds.
You feel much better.
You feel sick. The killer bee stings your adder.
Your adder dies!
The killer bee stings you!
* * * LOW HITPOINT WARNING * * *
You are more poisoned.
The killer bee poisons you! The killer bee stings you.
You die...

########### #.........#
#.#######.####################
#....(..........y...........yy
#.###########y################
###.# #y# ##.#.# #y# .....#
#@# .....### #.# ......... #.#
.....#### #.# #...## #.# ##.##
#.# ### #.# ...


You could see 3 killer bees.

Vanquished Creatures
  A quasit (D:3)
  3 adders
  2 worms (D:2)
  A dart slug (D:3)
  A giant gecko (D:1)
  3 giant cockroaches
  6 goblins
  4 hobgoblins
  3 jackals
  2 quokkas (D:2)
  7 bats
  8 giant newts
  3 kobolds (D:1)
  4 rats (D:2)
48 creatures vanquished.

Vanquished Creatures (collateral kills)
  A dart slug (D:1)
  A hobgoblin (D:2)
  A rat (D:2)
3 creatures vanquished.

Grand Total: 51 creatures vanquished

Notes
Turn   | Place    | Note
--------------------------------------------------------------
     0 | D:1      | epen the Merfolk Transmuter began the quest for the Orb.
     0 | D:1      | Reached XP level 1. HP: 15/15 MP: 3/3
   418 | D:1      | Reached XP level 2. HP: 20/21 MP: 5/5
   427 | D:1      | Learned a level 2 spell: Sticks to Snakes
   529 | D:1      | Found a shattered altar of Ashenzari.
   774 | D:1      | Reached XP level 3. HP: 27/27 MP: 6/6
   779 | D:1      | Learned a level 3 spell: Spider Form
  1286 | D:2      | Found a radiant altar of Vehumet.
  1290 | D:2      | Found a snail-covered altar of Cheibriados.
  1290 | D:2      | Found a hazy altar of Hepliaklqana.
  1310 | D:2      | Found an opulent altar of Gozag.
  1310 | D:2      | Found an oddly glowing altar of Pakellas.
  1943 | D:2      | Reached XP level 4. HP: 21/33 MP: 5/7
  2403 | D:3      | Slain by a killer bee

Vault maps used:
D:1:      matt_arrival_grand_opening, ashenzari_altar_1
D:2:      minmay_overflow_temple_star_hex
D:3:      grunt_temple_overflow_growth_and_decay, st_stairs_5

Skill      XL: |  1  2  3  4 |
---------------+-------------+-----
Transmutations | 3 4 |  4.0
Dodging        | 3 |  3.6
Fighting       | 2 |  2.2
Unarmed Combat | 4 |  4.3
Spellcasting   | |  2.1

Action                   |  1- 3 |  4- 6 || total
-------------------------+-------+-------++-------
Melee: Unarmed           |   130 |    40 ||   170
       Headbutt          |     6 |       ||     6
       Punch             |     1 |     2 ||     3
 Cast: Sticks to Snakes  |     7 |     5 ||    12
       Beastly Appendage |     3 |       ||     3
       Spider Form       |       |     1 ||     1
  Use: Potion            |       |     1 ||     1
 Stab: Sleeping          |     1 |       ||     1
       Distracted        |       |     1 ||     1
  Eat: Chunk             |     4 |     2 ||     6
Armor: Robe              |    31 |     9 ||    40
       Skin              |       |     1 ||     1
Dodge: Dodged            |   100 |    50 ||   150
